[Event "fics rated crazyhouse match"]
[Site "fics, Oklahoma City, OK USA"]
[Date "2000.03.14"]
[White "Thufir"]
[WhiteElo "2365"]
[Black "LINDEGREN"]
[BlackElo "2322"]
[TimeControl "60+0"]
[Result "0-1"]

1. e4 Nf6 2. Nc3 e6 3. d4 d5 4. exd5 Nxd5 5. Bd3 Nc6 6. Nf3 
Be7 7. Bd2 Ndb4 8. O-O Nxd3 9. cxd3 P@g4 10. Ne5 Nxe5 11. dxe5 B@f3 
12. gxf3 gxf3 13. Qxf3 N@d4 14. Qg3 Rg8 15. P@e3 Nf5 16. Qg2 Qxd3 17. B@e4 
Qd8 18. Bxf5 exf5 19. P@f6 B@c6 20. f3 Bxf6 21. exf6 Qxf6 22. N@h5 Qe7 
23. N@f6+ gxf6 24. Qxg8+ N@f8 25. Ng7+ Kd8 26. Rad1 B8d7 27. Nh5 P@h3 28. Nxf6 
P@g2 29. Rfe1 Bxf3 30. N@g3 P@h4 31. P@e2 hxg3 32. exf3 P@f2# 
{Thufir checkmated} 0-1

[Event "fics rated crazyhouse match"]
[Site "fics, Oklahoma City, OK USA"]
[Date "2000.03.14"]
[White "LINDEGREN"]
[WhiteElo "2331"]
[Black "Thufir"]
[BlackElo "2356"]
[TimeControl "60+0"]
[Result "0-1"]

1. e4 e6 2. Nc3 Nc6 3. d4 Nf6 4. Nf3 Bb4 5. Bd3 d5 6. exd5 
exd5 7. Qe2+ P@e4 8. Bb5 Bg4 9. Bxc6+ bxc6 10. N@e5 Bxf3 11. gxf3 Bxc3+ 
12. bxc3 N@g2+ 13. Kd1 N@f4 14. Qd2 exf3 15. Nxf3 P@e2+ 16. Qxe2+ Nxe2 17. Kxe2 
B@g4 18. B@e3 Nxe3 19. Bxe3 B@e4 20. P@g2 Bgxf3+ 21. gxf3 Bxf3+ 22. Kd2 N@c4+ 
23. Ke1 P@d2+ 24. Bxd2 Bxh1 25. B@d3 Nxd2 26. Kxd2 Ne4+ 27. Bxe4 Bxe4 28. N@e3 
B@h6 29. P@e2 Bxe3+ 30. fxe3 N@c4+ 31. Ke1 B@d2+ 32. Kf2 Q@g2# 
{LINDEGREN checkmated} 0-1

[Event "fics rated crazyhouse match"]
[Site "fics, Oklahoma City, OK USA"]
[Date "2000.03.14"]
[White "TrumpetX"]
[WhiteElo "2124"]
[Black "pminear"]
[BlackElo "2449"]
[TimeControl "60+0"]
[Result "0-1"]

1. e4 e5 2. Bc4 Nc6 3. Bxf7+ Kxf7 4. Nf3 Nf6 5. Nc3 Bc5 6. d3 
B@g4 7. P@d5 Bxf3 8. Qxf3 Nd4 9. Qd1 d6 10. Be3 Kf8 11. Bxd4 Bxd4 
12. B@e6 Bxe6 13. dxe6 B@g4 14. N@f7 Bxc3+ 15. bxc3 Bxd1 16. Nxd8 Q@e2# 
{TrumpetX checkmated} 0-1

[Event "fics rated crazyhouse match"]
[Site "fics, Oklahoma City, OK USA"]
[Date "2000.03.14"]
[White "pminear"]
[WhiteElo "2451"]
[Black "TrumpetX"]
[BlackElo "2122"]
[TimeControl "60+0"]
[Result "0-1"]

1. e4 e6 2. Nc3 d5 3. exd5 exd5 4. Bb5+ P@c6 5. Qe2+ Be7 6. Bd3 
Nf6 7. Nf3 Bg4 8. Rg1 Nbd7 9. P@a6 Nc5 10. axb7 Nxd3+ 11. Qxd3 Rb8 
12. N@e4 dxe4 13. Nxe4 Qxd3 14. cxd3 N@c2+ 15. Kf1 Bxf3 16. Nxf6+ gxf6 17. P@d7+ 
Kxd7 18. gxf3 Q@e1+ 19. Kg2 N@f4+ 20. Kg3 Nh5+ 21. Kh4 Qxf2+ 22. B@g3 P@g5+ 
23. Kxh5 P@g6+ 24. Kg4 B@f5# 
{pminear checkmated} 0-1

[Event "fics rated crazyhouse match"]
[Site "fics, Oklahoma City, OK USA"]
[Date "2000.03.14"]
[White "TrumpetX"]
[WhiteElo "2136"]
[Black "pminear"]
[BlackElo "2437"]
[TimeControl "60+0"]
[Result "0-1"]

1. e4 e5 2. Bc4 Nc6 3. Bxf7+ Kxf7 4. Nf3 Bc5 5. P@d5 B@d4 6. dxc6 
Bxf2+ 7. Kf1 dxc6 8. Nxe5+ Kf8 9. P@e3 Bh4 10. g3 Bh3+ 11. Ke2 Bf6 
12. N@f7 Qe7 13. Nxh8 Qxe5 14. R@f7+ Ke8 15. d4 Qh5+ 16. Kd2 Qxd1+ 17. Kxd1 
Bg4+ 18. Kd2 Q@e2+ 19. Kc3 N@b5+ 20. Kb3 P@a4+ 21. Kxa4 Qc4+ 22. Ka5 Qb4# 
{TrumpetX checkmated} 0-1

[Event "fics rated crazyhouse match"]
[Site "fics, Oklahoma City, OK USA"]
[Date "2000.03.14"]
[White "pminear"]
[WhiteElo "2439"]
[Black "TrumpetX"]
[BlackElo "2134"]
[TimeControl "60+0"]
[Result "1-0"]

1. e4 e6 2. Nc3 Nf6 3. e5 d5 4. exf6 Qxf6 5. d4 Bb4 6. Nf3 
Bxc3+ 7. bxc3 N@e4 8. B@g5 Nxc3 9. Bxf6 gxf6 10. Ba3 Nc6 11. N@b5 B@a5 
12. Nxc3 Bxc3+ 13. Nd2 Bxd2+ 14. Qxd2 N@e4 15. Bb5 P@d6 16. B@g7 Rg8 17. Bxc6+ 
bxc6 18. N@h5 B@g5 19. Qxg5 fxg5 20. N@f6+ Nxf6 21. Nxf6+ Kd8 22. B@e7+ Kxe7 
23. Nxg8+ Kd7 24. Q@e7# 
{TrumpetX checkmated} 1-0

[Event "fics rated crazyhouse match"]
[Site "fics, Oklahoma City, OK USA"]
[Date "2000.03.14"]
[White "TrumpetX"]
[WhiteElo "2132"]
[Black "pminear"]
[BlackElo "2441"]
[TimeControl "60+0"]
[Result "0-1"]

1. e4 e5 2. Bc4 Nc6 3. Bxf7+ Kxf7 4. Nf3 Bc5 5. Nc3 d6 6. d3 
B@g4 7. P@e3 Nh6 8. h3 Bh5 9. O-O Rf8 10. d4 Bb4 11. dxe5 Kg8 
12. Bd2 Bxh3 13. gxh3 Bxf3 14. P@e2 Qg5+ 15. B@g3 P@h4 16. exf3 hxg3 17. fxg3 
Qxg3+ 18. B@g2 P@h2+ 19. Kh1 N@f2+ 20. Rxf2 Qxf2 21. Qf1 R@g1+ 22. Qxg1 hxg1=Q+ 
23. Rxg1 Bxc3 24. P@h2 Bxd2 25. N@g4 Nxg4 26. fxg4 Qxg1+ 27. Kxg1 Q@f2# 
{TrumpetX forfeits on time} 0-1

[Event "fics rated crazyhouse match"]
[Site "fics, Oklahoma City, OK USA"]
[Date "2000.03.14"]
[White "pminear"]
[WhiteElo "2443"]
[Black "TheRaven"]
[BlackElo "2152"]
[TimeControl "60+0"]
[Result "1-0"]

1. e4 Nf6 2. Nc3 d5 3. exd5 Nxd5 4. d4 e6 5. Nf3 Nc6 6. Bd2 
Bb4 7. Bd3 Bxc3 8. bxc3 P@g6 9. O-O N@f4 10. B@g5 Nxd3 11. Bxd8 Nxf2 
12. Rxf2 Nxd8 13. Qe2 B@g4 14. N@e5 Bxf3 15. Qxf3 P@f6 16. Ng4 B@c6 17. P@e4 
Ne7 18. B@h4 B8d7 19. Bxf6 Nf5 20. Qxf5 exf5 21. Q@e7# 
{TheRaven checkmated} 1-0

[Event "fics rated crazyhouse match"]
[Site "fics, Oklahoma City, OK USA"]
[Date "2000.03.14"]
[White "TheRaven"]
[WhiteElo "2149"]
[Black "pminear"]
[BlackElo "2446"]
[TimeControl "60+0"]
[Result "1-0"]

1. d4 Nf6 2. Nc3 e6 3. e4 Bb4 4. Bd3 Nc6 5. Nf3 d5 6. e5 
Ne4 7. Bxe4 dxe4 8. Bg5 B@e7 9. Bxe7 Nxe7 10. N@h5 Rg8 11. B@f6 exf3 
12. Nxg7+ Rxg7 13. Bxg7 N@g6 14. Qxf3 Qxd4 15. Rd1 Bxc3+ 16. bxc3 P@d2+ 17. Rxd2 
Qxd2+ 18. Kxd2 N@c4+ 19. Ke2 R@d2+ 20. Kf1 B@e2+ 21. Qxe2 Rxe2 22. B@b5+ c6 
23. R@d1 Nd2+ 24. Kxe2 Nf4+ 25. Kxd2 Q@d5+ 26. Kc1 cxb5 27. Kb2 Kd8 28. Kc1 
{pminear forfeits on time} 1-0

[Event "fics rated crazyhouse match"]
[Site "fics, Oklahoma City, OK USA"]
[Date "2000.03.14"]
[White "pminear"]
[WhiteElo "2432"]
[Black "TheRaven"]
[BlackElo "2163"]
[TimeControl "60+0"]
[Result "1-0"]

1. e4 Nf6 2. Nc3 d5 3. exd5 Nxd5 4. d4 e6 5. Bd3 Nc6 6. Nf3 
Nxc3 7. bxc3 N@d5 8. O-O Nxc3 9. Qe1 Nd5 10. c4 Nb6 11. Bg5 Be7 
12. Bxe7 Qxe7 13. c5 Nd5 14. P@d6 cxd6 15. cxd6 Qxd6 16. B@e5 Qd7 17. Bxg7 
B@a5 18. Bxh8 Bxe1 19. Rfxe1 Q@g8 20. P@g7 Nf4 21. R@f8+ Ke7 22. B@g5+ f6 
23. Bxf4 Qxf8 24. gxf8=Q+ Kxf8 25. P@g7+ Ke7 26. Q@f8# 
{TheRaven checkmated} 1-0

[Event "fics rated crazyhouse match"]
[Site "fics, Oklahoma City, OK USA"]
[Date "2000.03.14"]
[White "TheRaven"]
[WhiteElo "2160"]
[Black "pminear"]
[BlackElo "2435"]
[TimeControl "60+0"]
[Result "0-1"]

1. d4 Nf6 2. Nc3 e6 3. e4 Bb4 4. Bd3 d5 5. e5 Ne4 6. Bxe4 
dxe4 7. Nh3 B@a5 8. Bd2 Qxd4 9. N@e2 Qxe5 10. Nxe4 Qxe4 11. Bxb4 Bxb4+ 
12. B@c3 Qxg2 13. Bxb4 N@f3# 
{TheRaven checkmated} 0-1

[Event "fics rated crazyhouse match"]
[Site "fics, Oklahoma City, OK USA"]
[Date "2000.03.14"]
[White "pminear"]
[WhiteElo "2438"]
[Black "TheRaven"]
[BlackElo "2157"]
[TimeControl "60+0"]
[Result "1-0"]

1. e4 Nf6 2. Nc3 d5 3. exd5 Nxd5 4. d4 e6 5. Bd3 Nc6 6. Nf3 
P@f6 7. O-O Nxc3 8. bxc3 Bd7 9. Re1 Rb8 10. Rb1 N@d5 11. Bd2 Bd6 
12. c4 Nde7 13. c5 Nxd4 14. cxd6 Nxf3+ 15. Qxf3 cxd6 16. N@h5 N@f5 17. P@h6 
Rg8 18. Bxf5 Nxf5 19. Qxf5 P@e7 20. Qxh7 Rf8 21. Nxg7# 
{TheRaven checkmated} 1-0

[Event "fics rated crazyhouse match"]
[Site "fics, Oklahoma City, OK USA"]
[Date "2000.03.14"]
[White "TheRaven"]
[WhiteElo "2154"]
[Black "pminear"]
[BlackElo "2441"]
[TimeControl "60+0"]
[Result "1-0"]

1. d4 Nf6 2. Nc3 e6 3. e4 Bb4 4. Bd3 d5 5. e5 Ne4 6. Bxe4 
dxe4 7. Nh3 B@a5 8. N@b5 a6 9. a3 Bf8 10. b4 Baxb4 11. axb4 Bxb4 
12. Na3 Bxc3+ 13. Bd2 Bxa1 14. Qxa1 Nc6 15. B@a4 O-O 16. B@g5 f6 17. Bxc6 
fxg5 18. Bxb7 Bxb7 19. Bxg5 B@b4+ 20. P@c3 P@d2+ 21. Kxd2 Qxg5+ 22. Nxg5 Rxf2+ 
23. P@e2 B@f4+ 24. P@e3 Bxg5 25. cxb4 Bxe3+ 26. Kxe3 N@g4+ 27. Kd2 B@e3+ 28. Kc3 
N@d5+ 29. Kb2 P@c3+ 30. Kb3 R@b2+ 31. Kc4 Nb6+ 32. Kxc3 Nd5+ 33. Kxb2 
{pminear forfeits on time} 1-0

[Event "fics rated crazyhouse match"]
[Site "fics, Oklahoma City, OK USA"]
[Date "2000.03.14"]
[White "pminear"]
[WhiteElo "2428"]
[Black "TheRaven"]
[BlackElo "2167"]
[TimeControl "60+0"]
[Result "1-0"]

1. e4 Nf6 2. Nc3 d5 3. exd5 Nxd5 4. d4 e6 5. Bd3 Nc6 6. Bd2 
Nxc3 7. bxc3 P@f6 8. Nf3 N@d5 9. O-O Bd7 10. c4 Nde7 11. Re1 Nc8 
12. d5 Nb8 13. dxe6 fxe6 14. P@f5 P@f7 15. P@d5 Qe7 16. dxe6 fxe6 17. fxe6 
Bxe6 18. P@f5 P@d7 19. fxe6 dxe6 20. B@h3 P@d7 21. P@d5 P@f7 22. Nd4 Nd6 
23. dxe6 dxe6 24. Nxe6 fxe6 25. Bxe6 P@f7 26. Bh3 N@e5 27. N@d5 Qd8 28. P@f4 
Nc6 29. fxe5 fxe5 30. P@h6 Rg8 31. hxg7 Bxg7 32. P@h6 Bf6 33. Bxh7 Rxg2+ 
34. Bxg2 P@e6 35. R@g8+ Kd7 36. Rxd8+ Rxd8 37. Nxf6+ Kc8 38. P@d7+ Rxd7 39. Nxd7 
R@d8 40. Bxc6 bxc6 41. Q@b8+ Kxd7 42. N@c5+ Ke7 43. P@f6+ Kxf6 44. Qxd8+ P@e7 
45. B@g5# 
{TheRaven checkmated} 1-0

[Event "fics rated crazyhouse match"]
[Site "fics, Oklahoma City, OK USA"]
[Date "2000.03.14"]
[White "TheRaven"]
[WhiteElo "2164"]
[Black "pminear"]
[BlackElo "2431"]
[TimeControl "60+0"]
[Result "1-0"]

1. d4 Nf6 2. Nc3 e6 3. e4 Bb4 4. Bd3 Nc6 5. e5 Nd5 6. Bd2 
Nxd4 7. Nxd5 Bxd2+ 8. Qxd2 exd5 9. Bxh7 Rxh7 10. Qxd4 N@e6 11. Qd3 B@e4 
12. Qe2 Nf4 13. Qd2 Nxg2+ 14. Kd1 Nh4 15. B@g5 B@e7 16. Bxh4 Bxh4 17. P@f6 
P@g2 18. N@b5 gxh1=Q 19. N@d6+ cxd6 20. Nxd6+ Kf8 21. P@e7+ Qxe7 22. fxe7+ Kxe7 
23. Q@e8# 
{pminear checkmated} 1-0

[Event "fics rated crazyhouse match"]
[Site "fics, Oklahoma City, OK USA"]
[Date "2000.03.14"]
[White "DKiller"]
[WhiteElo "2210"]
[Black "Thufir"]
[BlackElo "2363"]
[TimeControl "180+0"]
[Result "0-1"]

1. e4 e6 2. d4 Nc6 3. Nf3 Nf6 4. Bd3 d6 5. Nc3 Be7 6. O-O 
e5 7. d5 Nb8 8. Ng5 O-O 9. f4 Bg4 10. Qe1 exf4 11. Bxf4 P@h6 
12. Nf3 c6 13. Nh4 cxd5 14. exd5 P@d4 15. Bxh7+ Nxh7 16. P@g6 Bxh4 17. gxh7+ 
Kxh7 18. P@g3 Bf6 19. Ne4 N@e2+ 20. Qxe2 Bxe2 21. Bxh6 Bxf1 22. Rxf1 P@e2 
23. Nxf6+ Qxf6 24. B@d3+ B@g6 25. Rxf6 e1=Q+ 26. B@f1 gxh6 27. N@h3 B@e3+ 28. P@f2 
Bxd3 29. Rxh6+ Bxh6 30. N@g5+ Kh8 31. Q@f6+ B@g7 32. Nxf7+ Rxf7 33. cxd3 N@e2+ 
34. Kh1 Qxf1+ 35. B@g1 Rxf6 
{DKiller forfeits on time} 0-1

[Event "fics rated crazyhouse match"]
[Site "fics, Oklahoma City, OK USA"]
[Date "2000.03.14"]
[White "Thufir"]
[WhiteElo "2368"]
[Black "DKiller"]
[BlackElo "2205"]
[TimeControl "180+0"]
[Result "0-1"]

1. e4 e6 2. d4 Nc6 3. Nf3 Nf6 4. e5 Ne4 5. Be2 d5 6. exd6 
Bxd6 7. P@e5 Bf8 8. O-O Rg8 9. Be3 Bd7 10. Bd3 P@f5 11. Bxe4 fxe4 
12. Ng5 B@g6 13. N@h4 Nxd4 14. Nxg6 hxg6 15. Bxd4 Qxg5 16. N@h3 N@f3+ 17. Kh1 
Qxg2+ 18. Kxg2 Nxd4 19. f3 exf3+ 20. Rxf3 N@h4+ 21. Kf2 Nhxf3 22. B@d3 Nxe5 
23. P@g2 B@g4 24. Qe1 Nxd3+ 25. cxd3 Bxh3 26. N@g3 Bxg2 27. Kxg2 N@f4+ 28. Kf2 
R@c2+ 29. B@d2 P@g4 30. Q@e4 Nh3+ 31. Kf1 B@f3 32. Q1e3 Bxe4 33. dxe4 P@f3 
34. B@h1 P@g2+ 35. Bxg2 fxg2+ 36. Kxg2 P@f3+ 37. Kf1 P@e2+ 38. Nxe2 fxe2+ 39. Qxe2 
Q@g1# 
{Thufir checkmated} 0-1

[Event "fics rated crazyhouse match"]
[Site "fics, Oklahoma City, OK USA"]
[Date "2000.03.14"]
[White "DKiller"]
[WhiteElo "2216"]
[Black "Thufir"]
[BlackElo "2357"]
[TimeControl "180+0"]
[Result "1-0"]

1. e3 e6 2. Nc3 Nf6 3. Nf3 Nc6 4. d4 d6 5. Bb5 Be7 6. O-O 
O-O 7. Bd2 e5 8. Bxc6 bxc6 9. dxe5 dxe5 10. Nxe5 P@b7 11. f4 B@h5 
12. Ne2 Bcg4 13. P@f3 Be6 14. Ng3 Bg6 15. e4 Nh5 16. Nxh5 Bxh5 17. f5 
Bc5+ 18. P@e3 Bc8 19. b4 Bd6 20. Bc3 f6 21. Ng4 Bxg4 22. fxg4 N@g5 
23. B@f4 Bxf4 24. Rxf4 Qxd1+ 25. Rxd1 N@e2+ 26. Kf1 Nxf4 27. exf4 B@c4+ 28. B@d3 
Bxd3+ 29. Rxd3 B@c4 30. fxg5 R@d1+ 31. B@e1 Bxd3+ 32. cxd3 R@h1+ 33. B@g1 Rxe1+ 
34. Bxe1 Rxg1+ 35. Kxg1 B@d4+ 36. R@f2 B@d6 37. Q@c4+ Q@f7 38. Qxd4 Be5 39. B@c4 
Bxd4 40. Bxf7+ Rxf7 41. Q@e8+ B@f8 42. Qxf7+ Kxf7 43. g6+ Ke8 44. gxh7 Bxf2+ 
45. Bxf2 Q@a1+ 46. B@e1 Q@e7 47. h8=Q R@d1 48. N@f3 Rxe1+ 49. Bxe1 B@d4+ 50. P@f2 
Bb6 51. N@g6 Qf7 52. Qxf8+ Qxf8 53. Nxf8 Qxa2 54. R@e7+ Kxe7 55. Ng6# 
{Thufir forfeits on time} 1-0

[Event "fics rated crazyhouse match"]
[Site "fics, Oklahoma City, OK USA"]
[Date "2000.03.14"]
[White "Thufir"]
[WhiteElo "2346"]
[Black "DKiller"]
[BlackElo "2227"]
[TimeControl "180+0"]
[Result "1-0"]

1. e4 e6 2. d4 Nc6 3. Nf3 Nf6 4. e5 Ne4 5. Bd3 d5 6. exd6 
Nxf2 7. Kxf2 Bxd6 8. Rf1 Nxd4 9. P@h6 Nxf3 10. Qxf3 Bc5+ 11. Ke1 P@f2+ 
12. Kd1 N@e5 13. hxg7 Nxf3 14. gxh8=Q+ Q@f8 15. P@g7 P@e2+ 16. Kxe2 Ng1+ 17. Kd2 
Qg5+ 18. Kd1 Qxg7 19. N@f6+ Ke7 20. R@e8+ Kxf6 21. N@h5+ Ke5 22. Bf4+ Kd5 
23. Nxg7 P@e2+ 24. Bxe2 Qxe8 25. P@e4+ Kc6 26. Q@b5# 
{DKiller checkmated} 1-0

[Event "fics rated crazyhouse match"]
[Site "fics, Oklahoma City, OK USA"]
[Date "2000.03.14"]
[White "DKiller"]
[WhiteElo "2222"]
[Black "Thufir"]
[BlackElo "2351"]
[TimeControl "180+0"]
[Result "1-0"]

1. e4 e6 2. d4 Nc6 3. Nf3 Nf6 4. Bd3 d6 5. Nc3 Be7 6. O-O 
e5 7. d5 Nb8 8. Ng5 O-O 9. h4 Bg4 10. f3 Bh5 11. g4 Bg6 
12. f4 exf4 13. Rxf4 c6 14. P@h3 cxd5 15. Rxf6 Bxf6 16. Nxd5 Bd4+ 17. P@f2 
Be5 18. N@f3 P@h6 19. Nxe5 dxe5 20. Nf3 Nc6 21. B@h2 P@f4 22. Nxe5 Nxe5 
23. Bcxf4 N@f3+ 24. Kh1 Nxh2 25. Bxh2 B@f3+ 26. Qxf3 Nxf3 27. B@g2 Nxh4 28. P@f6 
gxf6 29. P@e7 P@f3 30. Nxf6+ Kh8 31. P@g7+ Kxg7 32. N@h5+ Kh8 33. Bxf3 Bxh5 
34. P@g7+ Kxg7 35. Nxh5+ Kg8 36. exd8=Q N@e6 37. Qf6 P@g7 38. Qxh4 N@g6 39. Qg3 
P@h4 40. Qg2 P@g5 41. B@f5 R@d6 42. Bxg6 hxg6 43. N@f6+ gxf6 44. Nxf6+ Kg7 
45. e5 B@g8 46. exd6 N@f4 47. Nxg8 Kxg8 48. N@f6+ Kg7 49. R@h7+ Kxf6 50. Bxf4 
N@g3+ 51. fxg3 N@d5 52. Q@e5# 
{Thufir checkmated} 1-0

[Event "fics rated crazyhouse match"]
[Site "fics, Oklahoma City, OK USA"]
[Date "2000.03.14"]
[White "Olaudah"]
[WhiteElo "2197"]
[Black "stinker"]
[BlackElo "2279"]
[TimeControl "120+0"]
[Result "1-0"]

1. e4 Nf6 2. Nc3 e5 3. Nf3 Bc5 4. d3 Nc6 5. Be2 h6 6. O-O 
d6 7. Be3 Bb6 8. d4 exd4 9. Nxd4 Nxd4 10. Bxd4 P@h3 11. gxh3 N@f4 
12. P@g2 Bxd4 13. Qxd4 B@e5 14. Qa4+ Bd7 15. B@b5 Bxc3 16. Bxd7+ Nxd7 17. B@g4 
B@c6 18. P@b5 Nc5 19. Qc4 Bxe4 20. bxc3 N@e5 21. Qxe4 Nxe4 22. N@f5 Nxe2+ 
23. Bxe2 Q@f6 24. B@g4 P@f3 25. Bexf3 Nxf3+ 26. Bxf3 Qxf5 27. Bxe4 Qxe4 28. B@f3 
Qxf3 29. gxf3 N@e2+ 30. Kh1 B@g2+ 31. Kxg2 Nf4+ 32. Kh1 B@g2+ 33. Kg1 Bxf1 
34. Q@e3+ B@e5 35. Rxf1 R@g2+ 36. Kh1 B@b6 37. P@d4 Rxh2+ 38. Kxh2 Nd5+ 39. Qxe5+ 
dxe5 40. B@g3 Nf4 41. N@h4 P@g5 42. R@g1 Ne2 43. B@e6 Nxg3 44. fxg3 fxe6 
45. B@h5+ Kd7 46. N@f6+ Kc8 47. N@c5 Kb8 48. Nfd7+ Qxd7 49. Nxd7+ Kc8 50. Nxb6+ 
axb6 51. Q@e8# 
{stinker forfeits on time} 1-0

[Event "fics rated crazyhouse match"]
[Site "fics, Oklahoma City, OK USA"]
[Date "2000.03.14"]
[White "pminear"]
[WhiteElo "2418"]
[Black "Thufir"]
[BlackElo "2340"]
[TimeControl "60+0"]
[Result "1-0"]

1. e4 e6 2. Nc3 Nc6 3. d4 Nf6 4. e5 Nd5 5. Nxd5 exd5 6. Nf3 
d6 7. Bb5 Bg4 8. N@e3 Bxf3 9. Qxf3 dxe5 10. Qxd5 exd4 11. Bxc6+ bxc6 
12. Qxc6+ P@d7 13. Qe4+ N@e6 14. B@b5 N@d6 15. Bxd7+ Kxd7 16. N@e5+ Kc8 17. Qxa8+ 
B@b8 18. P@d7+ Qxd7 19. Nxd7 Kxd7 20. P@c6+ Ke7 21. Qxb8 B@a5+ 22. B@d2 N@c5 
23. Nd5# 
{Thufir checkmated} 1-0

[Event "fics rated crazyhouse match"]
[Site "fics, Oklahoma City, OK USA"]
[Date "2000.03.14"]
[White "Thufir"]
[WhiteElo "2334"]
[Black "pminear"]
[BlackElo "2424"]
[TimeControl "60+0"]
[Result "0-1"]

1. e4 e5 2. Nc3 Nc6 3. Bc4 Bc5 4. Nf3 Nf6 5. O-O d6 6. h3 
O-O 7. d3 h6 8. Nd5 Nxd5 9. exd5 Nd4 10. N@e4 N@e2+ 11. Kh1 Nxf3 
12. Qxe2 Nd4 13. Qh5 Bf5 14. Bxh6 Bxe4 15. dxe4 N@f6 16. P@h7+ Kxh7 17. N@g5+ 
Kh8 18. Bxg7+ Kxg7 19. P@h6+ Kg8 20. h7+ Kh8 21. Nxf7+ Rxf7 22. Qxf7 B@g7 
23. B@h4 N@h6 24. R@g8+ Nfxg8 25. hxg8=Q+ Nxg8 26. Bxd8 P@h7 27. Qxg8+ Kxg8 28. Q@e8+ 
R@f8 29. N@f6+ Bxf6 30. P@f7+ Kg7 31. Bxf6+ Kxf6 32. N@h5+ Kg6 33. B@f5+ Kxh5 
34. Bg4+ Kg5 
{Thufir forfeits on time} 0-1

[Event "fics rated crazyhouse match"]
[Site "fics, Oklahoma City, OK USA"]
[Date "2000.03.14"]
[White "pminear"]
[WhiteElo "2430"]
[Black "Thufir"]
[BlackElo "2328"]
[TimeControl "60+0"]
[Result "1-0"]

1. e4 e6 2. Nc3 Nc6 3. d4 Nf6 4. e5 Nd5 5. Nxd5 exd5 6. Nf3 
d6 7. Bb5 Bg4 8. N@a5 N@b4 9. Nxb7 Qd7 10. Na5 Bxf3 11. gxf3 N@g2+ 
12. Kf1 dxe5 13. Nxc6 Nxc6 14. B@b7 Nh4 15. B7xc6 P@g2+ 16. Ke2 Bb4 17. Bxd7+ 
Kf8 18. P@h6 N@f5 19. Bxf5 Nxf5 20. hxg7+ Nxg7 21. N@d7+ Kg8 22. N@f6# 
{Thufir checkmated} 1-0

[Event "fics rated crazyhouse match"]
[Site "fics, Oklahoma City, OK USA"]
[Date "2000.03.14"]
[White "Thufir"]
[WhiteElo "2322"]
[Black "pminear"]
[BlackElo "2436"]
[TimeControl "60+0"]
[Result "0-1"]

1. e4 e5 2. Nc3 Nc6 3. Bc4 Bc5 4. Nf3 Nf6 5. O-O d6 6. d3 
Bg4 7. h3 Bh5 8. Bg5 h6 9. Bxf6 Qxf6 10. Nd5 Qd8 11. N@f5 B@f6 
12. Nxf6+ Qxf6 13. B@d5 O-O 14. Bxc6 bxc6 15. N@g4 Bxg4 16. hxg4 N@f4 17. B@e7 
Qg6 18. Bh4 Kh7 19. Nh2 B@e2 20. Ne7 Bxd1 21. Nxg6 fxg6 22. Raxd1 N@h3+ 
23. Kh1 Nxf2+ 24. Bxf2 Bxf2 25. Q@f3 N@g3+ 26. Qxg3 Bxg3 27. N@h3 Bxh2 28. Nxf4 
N@g3+ 29. Kxh2 Nxf1+ 30. Rxf1 P@g3+ 31. Kxg3 B@h4+ 32. Kxh4 Q@g5+ 33. Kg3 Q@h4+ 
34. Kf3 Qxf4+ 35. Ke2 R@d2# 
{Thufir checkmated} 0-1

[Event "fics rated crazyhouse match"]
[Site "fics, Oklahoma City, OK USA"]
[Date "2000.03.14"]
[White "pminear"]
[WhiteElo "2441"]
[Black "Thufir"]
[BlackElo "2317"]
[TimeControl "60+0"]
[Result "1-0"]

1. e4 e6 2. Nc3 Nc6 3. d4 Nf6 4. e5 Nd5 5. Nxd5 exd5 6. Nf3 
d6 7. Bb5 Bd7 8. Qe2 N@e4 9. c4 dxe5 10. cxd5 Nxd4 11. Nxd4 Bxb5 
12. Qxb5+ P@c6 13. dxc6 P@a6 14. P@d7+ Ke7 15. N@d5+ Kd6 16. N@c4# 
{Thufir checkmated} 1-0

[Event "fics rated crazyhouse match"]
[Site "fics, Oklahoma City, OK USA"]
[Date "2000.03.14"]
[White "Thufir"]
[WhiteElo "2312"]
[Black "pminear"]
[BlackElo "2446"]
[TimeControl "60+0"]
[Result "1-0"]

1. e4 e5 2. Nc3 Nc6 3. Bc4 Bc5 4. Nf3 Nf6 5. O-O d6 6. h3 
Bg4 7. d3 Bxf3 8. Qxf3 Nd4 9. Qd1 Qd7 10. Be3 O-O 11. Bxd4 Bxd4 
12. B@h4 B@e7 13. N@f5 N@g6 14. Nxe7+ Qxe7 15. Bxf6 Qxf6 16. N@g4 Qg5 17. Nd5 
N@g3 18. B@e3 Bxe3 19. fxe3 Nxf1 20. Qxf1 B@g3 21. B@f6 gxf6 22. Ndxf6+ Kh8 
23. N@f3 B@h2+ 24. Ngxh2 Bxh2+ 25. Kxh2 B@g3+ 26. Kh1 Qxf6 27. B@g5 R@h2+ 28. Nxh2 
Qxf1+ 29. Rxf1 N@f2+ 30. Rxf2 
{pminear forfeits on time} 1-0

[Event "fics rated crazyhouse match"]
[Site "fics, Oklahoma City, OK USA"]
[Date "2000.03.14"]
[White "pminear"]
[WhiteElo "2435"]
[Black "Thufir"]
[BlackElo "2323"]
[TimeControl "60+0"]
[Result "1-0"]

1. e4 e6 2. Nc3 Nc6 3. d4 Bb4 4. a3 Ba5 5. Be3 Nf6 6. e5 
Nd5 7. Qg4 Rg8 8. Bd3 Nxc3 9. Bxh7 Ne4+ 10. P@d2 N@f6 11. exf6 Nxf6 
12. Qh4 Nxh7 13. Qxh7 Rf8 14. Qxg7 B@f6 15. Qg3 P@g7 16. N@h7 d5 17. Nxf8 
Kxf8 18. R@h8+ Ke7 19. Rxd8 Nxd8 20. P@e5 N@e4 21. exf6+ gxf6 22. N@g8+ Kd7 
23. B@b5+ Nc6 24. Q@e7# 
{Thufir checkmated} 1-0

[Event "fics rated crazyhouse match"]
[Site "fics, Oklahoma City, OK USA"]
[Date "2000.03.14"]
[White "Thufir"]
[WhiteElo "2317"]
[Black "pminear"]
[BlackElo "2441"]
[TimeControl "60+0"]
[Result "1-0"]

1. e4 e5 2. Nf3 Nc6 3. Bc4 Bc5 4. d3 Nf6 5. Bg5 h6 6. Bh4 
g5 7. Nxg5 hxg5 8. Bxg5 Bxf2+ 9. Kf1 N@e3+ 10. Bxe3 Bxe3 11. N@f5 B@g4 
12. P@g7 Rg8 13. P@h7 P@e2+ 14. Qxe2 Bxe2+ 15. Kxe2 Q@f2+ 16. Kd1 Nxh7 17. Nxe3 
Qxe3 18. B@d2 P@e2+ 19. Kc1 e1=Q+ 20. Rxe1 N@e2+ 21. Rxe2 Qxe2 22. B@d1 R@f1 
23. Nc3 Qxg2 24. N@e3 Rxd1+ 25. Ncxd1 Qxg7 26. Nf5 P@e2 27. Nxg7+ Rxg7 28. Ne3 
{pminear forfeits on time} 1-0

[Event "fics rated crazyhouse match"]
[Site "fics, Oklahoma City, OK USA"]
[Date "2000.03.14"]
[White "pminear"]
[WhiteElo "2430"]
[Black "Thufir"]
[BlackElo "2328"]
[TimeControl "60+0"]
[Result "1-0"]

1. e4 e6 2. Nc3 Nc6 3. d4 Nf6 4. e5 Nd5 5. Nxd5 exd5 6. Nf3 
Be7 7. Bb5 O-O 8. N@f5 d6 9. Nxe7+ Nxe7 10. exd6 cxd6 11. P@h6 gxh6 
12. Bxh6 Nf5 13. Bxf8 Qxf8 14. R@e8 Be6 15. Rxf8+ Rxf8 16. B@f6 P@g7 17. P@e7 
Nxe7 18. Bxe7 R@a8 19. Bxd6 B@g4 20. Bxf8 Rxf8 21. P@e7 B@b4+ 22. Kf1 Bxe7 
23. R@g3 P@e4 24. Ne5 Bxd1 25. N@h6+ Kh8 26. Q@g8+ Rxg8 27. Nexf7+ Bxf7 28. Nxf7# 
{Thufir checkmated} 1-0

[Event "fics rated crazyhouse match"]
[Site "fics, Oklahoma City, OK USA"]
[Date "2000.03.14"]
[White "Thufir"]
[WhiteElo "2322"]
[Black "pminear"]
[BlackElo "2436"]
[TimeControl "60+0"]
[Result "0-1"]

1. e4 e5 2. Nf3 Nc6 3. Bc4 Bc5 4. d3 Nf6 5. Bg5 d6 6. Nc3 
Be6 7. Bxe6 fxe6 8. Bxf6 Qxf6 9. B@g5 Qf7 10. O-O B@h5 11. N@g3 Bxf3 
12. Qxf3 Qxf3 13. B@h5+ Qxh5 14. Nxh5 Q@f7 15. Nb5 B@b6 16. Bh4 Qxh5 17. Q@g3 
N@e2+ 18. Kh1 Nxg3+ 19. fxg3 Q@g1+ 20. Rxg1 N@f2# 
{Thufir checkmated} 0-1

[Event "fics rated crazyhouse match"]
[Site "fics, Oklahoma City, OK USA"]
[Date "2000.03.14"]
[White "pminear"]
[WhiteElo "2441"]
[Black "Thufir"]
[BlackElo "2317"]
[TimeControl "60+0"]
[Result "1-0"]

1. e4 e6 2. Nc3 d6 3. d4 Nf6 4. Nf3 Be7 5. Bd3 Nc6 6. e5 
Nxd4 7. exf6 Nxf3+ 8. Qxf3 Bxf6 9. Ne4 P@f5 10. Nxf6+ Qxf6 11. N@h5 Qd4 
12. B@c3 Qg4 13. Nxg7+ Kd8 14. Qxg4 fxg4 15. Nxe6+ Bxe6 16. Bxh8 N@d5 17. R@g8+ 
N@e8 18. P@e4 N@f6 19. Bg5 P@e7 20. exd5 Nxg8 21. dxe6 fxe6 22. P@d7 Kxd7 
23. N@c5+ dxc5 24. N@e5+ Kd6 25. Q@d7# 
{Thufir checkmated} 1-0